Map: Tours du crépuscule

Players

zidar

  • Race: Zerg Zerg
  • League: Gold
  • Spawn Location: 7:00

Gaspiboy - Winner!

  • Race: Terran Terran
  • League: Gold
  • Spawn Location: 1:00

VOD

Have the link to the VOD?

Description

Time

  • Played on: June 16, 2016, 11:16 a.m.
  • Length: 7:07
Show
View Real Time Build Order
Export as new Build Order

zidar Zerg 

Build Orders: Hatch First 

Get SALT Encoding   

  12  0:01  Drone  
  13  0:12  Overlord  
  13  0:17  Drone  
  14  0:30  Drone x2  
  16  0:52  Hatchery  
  16  0:53  Drone  
  16  0:57  Extractor  
  16  1:00  Drone  
  16  1:16  Spawning Pool  
  15  1:23  Drone  
  16  1:26  Drone  
  17  1:35  Drone  
  18  1:41  Overlord  
  18  1:54  Drone  
  19  2:03  Queen  
  19  2:05  Queen  
  22  2:17  Zergling x6  
  22  2:22  Drone  
  26  2:27  Drone  
  27  2:31  Metabolic Boost  
  27  3:03  Extractor, Drone x6  
  32  3:12  Roach Warren  
  31  3:13  Overlord  
  31  3:40  Zergling x6  
  34  3:52  Drone x3  
  34  3:53  Drone x3  
  40  3:56  Roach x2  
  40  3:58  Overlord  
  40  3:59  Overlord  
  44  4:31  Roach x8  
  54  4:36  Overlord x2  
  60  4:50  Spore Crawler  
  59  4:52  Spore Crawler  
  58  5:05  Ravager  
  58  5:06  Ravager x2  
  58  5:07  Ravager  
  62  5:10  Roach x3  
  62  5:33  Roach x3  
  44  5:58  Roach  
  44  5:59  Roach x7  
  52  6:24  Ravager  
  51  6:41  Ravager  
  51  6:42  Ravager  
  51  6:44  Ravager  
  51  6:46  Roach  
  51  6:47  Roach, Zergling x4  
Show
View Real Time Build Order
Export as new Build Order

Gaspiboy Terran - Winner!

Build Orders: 1/1/1, Liberator Opening 

Get SALT Encoding   

  12  0:00  SCV  
  13  0:13  SCV  
  14  0:19  Supply Depot  
  14  0:25  SCV  
  15  0:32  Refinery  
  15  0:41  Barracks  
  15  0:45  SCV  
  16  0:57  Refinery  
  16  0:58  SCV  
  17  1:10  SCV  
  18  1:23  SCV  
  19  1:28  Reaper  
  20  1:38  Factory  
  20  1:39  Orbital Command  
  20  1:50  Supply Depot  
  20  2:01  Barracks Reactor  
  20  2:10  SCV  
  21  2:22  SCV  
  22  2:24  Starport  
  22  2:25  Factory Tech Lab  
  22  2:34  SCV  
  22  2:36  Marine  
  22  2:37  Marine  
  25  2:45  Supply Depot  
  25  2:54  SCV  
  25  2:55  Marine  
  25  2:56  Marine  
  28  2:58  Siege Tank  
  31  3:06  SCV, Supply Depot  
  32  3:19  SCV  
  33  3:20  Liberator  
  34  3:34  Marine x2, SCV  
  34  3:37  Siege Tank  
  42  3:45  Supply Depot  
  42  3:47  Barracks  
  42  3:52  Marine x2  
  44  4:02  Liberator  
  44  4:08  SCV  
  45  4:10  Marine x2  
  45  4:11  Siege Tank  
  49  4:21  Supply Depot  
  52  4:28  Marine x2  
  54  4:36  Barracks Reactor  
  54  4:44  Supply Depot  
  54  4:45  Marine  
  54  4:49  Siege Tank  
  54  4:50  Marine  
  59  4:57  Liberator  
  59  4:59  SCV  
  60  5:11  Marine x2  
  62  5:17  Marine, Supply Depot  
  62  5:18  Marine  
  62  5:52  Marine x3  
  62  5:53  Siege Tank  
  67  5:57  Supply Depot  
  67  6:01  Liberator  
  67  6:15  Marine x4  
  71  6:21  Supply Depot  
  73  6:32  Marine  
  71  6:46  Marine x3  
Tags
 
Add a new tag
Caveats
  • Supply blocks, unpowered buildings, or Contaminate may cause inaccurate times.
  • Supply counts are checked every 10 seconds.